 Dungeon Crawl Stone Soup version 0.30-a0-56-ge6a4009bfd (webtiles) character file.

Game seed: 2690845478826317510

111 dracfodder the Conjurer (level 4, 0/33 HPs)
             Began as a Draconian Conjurer on Sept 11, 2022.
             Slain by Duvessa
             ... wielding a +2 short sword of speed
              (8 damage)
             ... on level 4 of the Dungeon.
             The game lasted 00:20:54 (4203 turns).

dracfodder the Conjurer (Draconian Conjurer)        Turns: 4203, Time: 00:20:54

Health: 0/33       AC:  5    Str:  9    XL:     4   Next: 62%
Magic:  6/8        EV: 12    Int: 26    God:
Gold:   47         SH:  0    Dex: 10    Spells: 3/9 levels left

rFire   . . .      SeeInvis .    a - +2 dagger (elec)
rCold   . . .      Faith    .    (no shield)
rNeg    . . .      Spirit   .    (body armour unavailable)
rPois   .          Reflect  .    (helmet restricted)
rElec   .          Harm     .    (no cloak)
rCorr   .          Rampage  .    (no gloves)
Will    .....                    (no boots)
Stlth   ++........               m - amulet of the acrobat
HPRegen 0.11/turn                c - ring of wizardry
MPRegen 0.11/turn                g - +6 ring of intelligence

@: no status effects
A: AC +5, unfitting armour, cold-blooded
a: no special abilities


You were on level 4 of the Dungeon.
You visited 1 branch of the dungeon, and saw 4 of its levels.

You collected 196 gold pieces.
You spent 149 gold pieces at shops.

Inventory:

Hand Weapons
 a - a +2 dagger of electrocution (weapon)
 b - a +0 sling
Jewellery
 c - a ring of wizardry (left hand)
 g - a +6 ring of intelligence (right hand)
 i - a ring of ice
 m - an amulet of the acrobat (around neck)
Scrolls
 e - a scroll of enchant armour
 k - a scroll of brand weapon {unknown}
 o - 2 scrolls of poison
 p - a scroll of teleportation
 q - a scroll of amnesia
 r - a scroll of blinking
Potions
 d - a potion of curing
 f - a potion of flight
 h - a potion of might
 j - 2 potions of heal wounds
 n - a potion of magic


   Skills:
 + Level 2.0 Dodging
 + Level 2.2 Stealth
 + Level 3.1 Spellcasting
 + Level 5.1 Conjurations


You had 3 spell levels left.
You knew the following spells:

 Your Spells              Type           Power      Damage    Failure   Level
a - Magic Dart            Conj           100%       1d8       1%          1
b - Searing Ray           Conj           60%        2d6       1%          2
c - Dazzling Flash        Conj/Hex       34%        N/A       4%          3

Your spell library contained the following spells:

 Spells                   Type           Power      Damage    Failure   Level
 Fulminant Prism          Conj/Hex       8%         3d7       13%         4
 Iskenderun's Mystic Bla  Conj/Tloc      17%        2d5       13%         4


Dungeon Overview and Level Annotations

Branches:
Dungeon (4/15)
 Temple: D:4-7

Altars:
Qazlal

Shops:
D:2 *   D:3 ?

Annotations:
D:4 Dowan, Duvessa


Innate Abilities, Weirdness & Mutations

Your plain brown scales are hard. (AC +5)
You cannot fit into any form of body armour.
You are cold-blooded and may be slowed by cold attacks.


Message History

Press: ? - help, Shift-Dir - straight line, f/p - Dowan
Aim: Dowan, wielding a +0 dagger of draining and wearing a +0 robe (moderately wounded, 100% to hit)
The magic dart hits Duvessa but does no damage.
The ball python hisses angrily.
The hobgoblin hits you but does no damage.
You climb upwards.
There is a stone staircase leading down here.
Aiming: Searing Ray (safe; 1% risk of failure)
Press: ? - help, Q - select action, (/) - cycle Shift-Dir - straight line, f - hobgoblin
Aim: a hobgoblin (79% to hit)
The searing ray hits the hobgoblin!
You kill the hobgoblin! (Press . to maintain the ray.)
You start resting.
Magic restored.
You start waiting.
Done waiting.
You climb downwards.
Level annotation: Dowan, Duvessa The ball python barely misses you.
The ball python grabs you. The ball python constricts you.
Duvessa drinks a potion.
Duvessa flickers and vanishes!
Deactivating autopickup; reactivate with Ctrl-A.
The ball python bites you but does no damage.
The ball python constricts you.
There is a stone staircase leading up here.
The ball python's grasp on you weakens, but your attempt to escape fails.
Something hits you. The ball python barely misses you.
The ball python constricts you.
Aiming: Searing Ray (safe; 1% risk of failure)
Press: ? - help, Q - select action, (/) - cycle Shift-Dir - straight line, f - ball python
Aim: a ball python (constricting you, 77% to hit)
The searing ray hits the ball python!
You kill the ball python! (Press . to maintain the ray.)
Something hits you! x2
Something hits you.
* * * LOW HITPOINT WARNING * * *
Something hits you!
You die...

### ## ####...
..##.......
..........
#.........
#>........
#{$.......
#.@.......
#.........
#.........
..........
...........
............
.............
....#.........


There were no monsters in sight!

Vanquished Creatures
  3 adders (D:2)
  A worm (D:1)
  2 dart slugs
  5 orcs (D:3)
  6 ball pythons
  4 bats
  2 endoplasms (D:1)
  2 giant cockroaches
  8 goblins
  7 hobgoblins
  13 jackals
  A quokka (D:2)
  2 frilled lizards (D:1)
  4 kobolds
  5 rats
65 creatures vanquished.

Vanquished Creatures (others)
  2 fungi (D:1)
  5 plants (D:1)
7 creatures vanquished.

Grand Total: 72 creatures vanquished

Notes
Turn   | Place    | Note
-------+----------+-------------------------------------------
     0 | D:1      | dracfodder the Draconian Conjurer began the quest for the
                  | Orb.
     0 | D:1      | Reached XP level 1. HP: 14/14 MP: 3/3
   275 | D:1      | Found a faded altar of an unknown god.
   279 | D:1      | Reached XP level 2. HP: 20/20 MP: 3/5
   282 | D:1      | Learned a level 2 spell: Searing Ray
   651 | D:1      | Reached XP level 3. HP: 26/26 MP: 1/6
  1236 | D:1      | Learned a level 3 spell: Dazzling Flash
  2192 | D:2      | Found Boimish's Assorted Antiques.
  2570 | D:2      | Reached XP level 4. HP: 33/33 MP: 4/8
  2926 | D:2      | Reached skill level 5 in Conjurations
  3527 | D:3      | Found a stormy altar of Qazlal.
  3789 | D:3      | Found Qonuwug's Magic Scroll Shop.
  3818 | D:3      | Bought a scroll of identify for 26 gold pieces
  3818 | D:3      | Bought a scroll of identify for 26 gold pieces
  3818 | D:3      | Bought a scroll of blinking for 97 gold pieces
  4035 | D:4      | Noticed Duvessa
  4035 | D:4      | Noticed Dowan
  4203 | D:4      | Slain by Duvessa

Illustrated notes

Levels and vault maps discovered:
D:1:      minmay_arrival_up_and_down, layout_rooms,
          dreamdust_ecumenical_altar_grove, nicolae_titane
D:2:      layout_loops_corners, serial_shops, shop
D:3:      layout_basic, nicolae_qazlal_general_emergency, serial_shops,
          nicolae_diamond_shop, chequers_arboretum
D:4:      layout_rooms, uniq_duvessa, uniq_natasha

Skill      XL: |  1  2  3  4 |
---------------+-------------+-----
Stealth        | 2 |  2.2
Dodging        | 2 |  2.0
Conjurations   | 5 |  5.1
Spellcasting   | 3 |  3.1

Action                   |  1- 3 |  4- 6 || total
-------------------------+-------+-------++-------
Melee: Short sword       |    32 |       ||    32
       Tailslap          |     3 |       ||     3
       Dagger            |       |     4 ||     4
 Cast: Magic Dart        |    59 |    19 ||    78
       Searing Ray       |    16 |    10 ||    26
  Use: Scroll            |     7 |     4 ||    11
Armor: Skin              |    13 |     5 ||    18
Dodge: Dodged            |    24 |     6 ||    30

Table legend: (Time is in decaauts)
 A = Elapsed time spent in this place.
 B = Non-inter-level travel time spent in this place.
 C = Inter-level travel time spent in this place.
 D = Time resting spent in this place.
 E = Time spent auto-exploring this place.
 F = Levels seen in this place.
 G = Mean time per level.
                   A        B        C        D        E       F      G
               +--------+--------+--------+--------+--------+-----+--------+
         Total |   4208 |   4120 |     88 |   1748 |   1705 |   4 | 1052.0 |
       Dungeon |   4208 |   4120 |     88 |   1748 |   1705 |   4 | 1052.0 |
               +--------+--------+--------+--------+--------+-----+--------+

Top non-repeatable levels by time:
     D:1: 1642 daAuts
     D:2: 1529 daAuts
     D:3: 1026 daAuts
     D:4: 10 daAuts
